 Dungeon Crawl Stone Soup version 0.17.1-1-g73c8601 (console) character file.

398542 Kloppie the Slayer (level 22, -7/213 HPs)
             Began as a Minotaur Monk on Dec 22, 2015.
             Was the Champion of Makhleb.
             Mangled by an ettin
             ... wielding a +0 dire flail
              (26 damage)
             ... on level 5 of the Vaults on Dec 24, 2015.
             The game lasted 02:42:10 (54950 turns).

Kloppie the Slayer (Minotaur Monk)                 Turns: 54950, Time: 02:42:10

Health: -7/213     AC: 24    Str: 17    XL:     22   Next: 23%
Magic:  37/37      EV: 35    Int: 12    God:    Makhleb [******]
Gold:   1687       SH:  6    Dex: 22    Spells: 2 memorised, 16 levels left

rFire  . . .     SeeInvis .       - Unarmed
rCold  + . .     Clarity  +     z - +2 mottled dragon armour of Cuiqasog {rElec MR+}
rNeg   + . .     SustAt   .     Y - +0 buckler {rPois}
rPois  +         Gourm    .     (helmet restricted)
rElec  +         Spirit   .     T - +2 cloak of Imperfection {Regen+ rCorr Int+5 Dex-2}
rCorr  +         Warding  .     C - +1 pair of gloves
rMut   .         Stasis   .     s - +0 pair of boots
MR     +++++                    E - amulet of the Four Winds {Clar rN+ MR+++}
Stlth  +++.......               Z - ring "Gyiptyl" {rC+ MP+9 Dex+2 Stlth+}
                                m - +4 ring of evasion

@: about to teleport, singing, almost entirely resistant to hostile
enchantments, fairly stealthy
A: retaliatory headbutt, horns 2, slimy green scales 1, deterioration 1
a: Minor Destruction, Lesser Servant of Makhleb, Major Destruction, Greater
Servant of Makhleb, Renounce Religion, Stop Singing
}: 2/15 runes: decaying, serpentine


You were on level 5 of the Vaults.
You worshipped Makhleb.
Makhleb was exalted by your worship.
You were not hungry.

You visited 8 branches of the dungeon, and saw 44 of its levels.
You also visited: Ice Cave and Volcano.

You collected 5844 gold pieces.
You spent 4157 gold pieces at shops.

Inventory:

Armour
 s - a +0 pair of boots (worn)
 z - the +2 mottled dragon armour of Cuiqasog (worn) {rElec MR+}
   (You bought it in a shop on level 4 of the Orcish Mines)

   It insulates you from electricity.
   It affects your resistance to hostile enchantments.
 C - a +1 pair of gloves (worn)
 T - the +2 cloak of Imperfection (worn) {Regen+ rCorr Int+5 Dex-2}
   (You found it on level 3 of the Snake Pit)

   It affects your intelligence (+5).
   It affects your dexterity (-2).
   It increases your rate of regeneration.
   It protects you from acid and corrosion.
 Y - a +0 buckler of poison resistance (worn)
Jewellery
 h - an uncursed amulet of regeneration
 m - a +4 ring of evasion (left hand)
 q - an uncursed ring of teleportation
 E - the amulet of the Four Winds (around neck) {Clar rN+ MR+++}
   (You bought it in a shop on level 4 of the Orcish Mines)

   [amulet of clarity]

   It provides mental clarity.
   It protects you from negative energy.
   It affects your resistance to hostile enchantments.
 F - the amulet of Trog's Hatred {rMut rF++ rN+ Str-5 Int+2}
   (You bought it in a shop on level 4 of the Orcish Mines)

   [amulet of resist mutation]

   It protects you from mutation.
   It affects your strength (-5).
   It affects your intelligence (+2).
   It greatly protects you from fire.
   It protects you from negative energy.
 Z - the ring "Gyiptyl" (right hand) {rC+ MP+9 Dex+2 Stlth+}
   (You found it on level 3 of the Elven Halls)

   [ring of protection from cold]

   It affects your dexterity (+2).
   It protects you from cold.
   It affects your magic capacity (+9).
   It makes you more stealthy.
Wands
 f - a wand of digging (12)
 o - a wand of teleportation (2)
 R - a wand of hasting (4)
 S - a wand of hasting (3)
Scrolls
 e - 11 scrolls of identify
 g - 5 scrolls of magic mapping
 l - 19 scrolls of remove curse
 v - 2 scrolls of teleportation
 x - 4 scrolls of enchant weapon
 y - 5 scrolls of fog
 A - a scroll of recharging
 B - a scroll of holy word
 K - a scroll of silence
 N - 4 scrolls of blinking
 U - 3 scrolls of enchant armour
Potions
 i - 9 potions of curing
 r - 2 potions of resistance
 w - 5 potions of haste
 I - 4 potions of flight
 J - 2 potions of cancellation
 M - 3 potions of cure mutation
 O - 2 potions of berserk rage
Miscellaneous
 d - a lantern of shadows
 k - a sack of spiders
 G - a legendary deck of wonders
 H - a fan of gales
 L - a stone of tremors
 Q - a disc of storms
Comestibles
 a - 6 chunks of flesh
 b - 19 bread rations
 c - 20 meat rations


   Skills:
 - Level 21.1 Fighting
 + Level 20.0 Armour
 - Level 20.4 Dodging
 - Level 1.5 Stealth
 - Level 4.0 Shields
 + Level 20.0 Unarmed Combat
 - Level 6.0 Charms
 - Level 5.9 Necromancy
 - Level 9.5 Invocations
 - Level 8.1 Evocations


You had 16 spell levels left.
You knew the following spells:

 Your Spells              Type           Power        Failure   Level  Hunger
a - Song of Slaying       Chrm           ##......     6%          2    ###....
b - Regeneration          Chrm/Necr      ##........   14%         3    ####...


Dungeon Overview and Level Annotations

Branches:
Dungeon (15/15)            Temple (1/1) D:7            Lair (8/8) D:10
  Swamp (4/4) Lair:3        Snake (4/4) Lair:6        Slime (0/6) Lair:6
    Orc (4/4) D:9             Elf (3/3) Orc:3        Vaults (5/5) D:14
  Crypt (0/3) Vaults:3     Depths (0/5) D:15

Altars:
Ashenzari
Cheibriados
Dithmenos
Elyvilon
Fedhas
Gozag
Kikubaaqudgha
Makhleb
Nemelex Xobeh
Okawaru
Qazlal
Ru
Sif Muna
Trog
Vehumet
Xom
Yredelemnul
Zin
The Shining One
Jiyva

Shops:
D:6 *   Orc:4 :[}=*   Elf:1 %   Elf:2 }   Vaults:1 [   Vaults:3 [!*}(

Annotations:
Lair:6 1 runed door


Innate Abilities, Weirdness & Mutations

You reflexively headbutt those who attack you in melee.
You have a pair of horns on your head.
You are partially covered in slimy green scales (AC +2).
Your body sometimes deteriorates upon taking damage.


Message History

The vault sentinel blows a loud note on a signal horn!
You block the frost giant's attack.
The yaktaur shoots a bolt.
The bolt barely misses you.
The bolt hits the yaktaur!!
You block the ice dragon's attack. The ice dragon completely misses you.
The ice dragon tramples you but does no damage.
The ironheart preserver gestures wildly while chanting.
The ironheart preserver begins to accept its allies' injuries.
You hear a shout!
You hear a roar!
A sphinx comes into view.
You closely miss the vault warden.
You headbutt the vault warden, but do no damage.
The vault warden is moderately wounded.
The fire bat completely misses you. You furiously retaliate!
You headbutt the fire bat! You block the golden dragon's attack.
You block the golden dragon's attack. The golden dragon barely misses you.
The yaktaur misses you. You furiously retaliate!
You headbutt the yaktaur!!
You kill the yaktaur!
Makhleb accepts your kill.
You feel better. The ettin hits you with a dire flail!!
You die...

# #....# ...# .
#. #.p..#....#
..#..#...p#.....
.....#....#.....
........p...p..
####..p.pp..#####
.......ccC.......
......cpCD)C(....
......pcC@D......
.......cp.b(.....
####...Cc.(.#####
...9.......#
....#....#..(.
.H..#....##....
... #....# #....
#..p.# #...


You could see 3 ironheart preservers, a titan, a golden dragon, a frost giant, a
fire giant, an ice dragon, a sphinx, 3 vault wardens, a yaktaur captain, 2
ettins, a war gargoyle, 3 vault sentinels, 2 ironbrand convokers, 5 yaktaurs and
a fire bat shaped shifter.

Vanquished Creatures
  Mara (Snake:4)
  An ancient lich (Vaults:4)
  Vashnia (Snake:2)
  Nikola (Swamp:1)
  2 tentacled monstrosities
  Asterion (Snake:4)
  2 deep elf blademasters (Elf:3)
  2 deep elf master archers (Elf:3)
  A titan (Vaults:4)
  2 sphinxes
  2 thorn hunters
  A tengu reaver (Vaults:4)
  Kirke (Swamp:3)
  2 storm dragons
  8 greater nagas
  6 deep elf sorcerers
  2 frost giants
  2 fire giants (Vaults:3)
  Maud (Lair:6)
  14 vault wardens
  An orc warlord (Vaults:4)
  A curse skull (Vaults:3)
  16 ironheart preservers
  2 stone giants
  Nessos (Orc:3)
  11 deep elf demonologists
  Azrael (D:15)
  A salamander stormcaller (Vaults:3)
  3 deep elf annihilators
  Snorg (D:13)
  29 vault guards
  6 deep elf death magi
  Josephine (Orc:3)
  4 fire dragons
  42 slime creatures
  An entropy weaver (Vaults:1)
  2 ettins
  6 yaktaur captains
  2 deep elf high priests (Elf:3)
  10 ogre magi
  6 ice dragons
  3 great orbs of eyes
  29 hydras
  A catoblepas (Lair:8)
  18 naga warriors
  5 anacondas
  6 centaur warriors
  17 dancing weapons
  2 ghost crabs (Swamp:1)
  7 alligators
  7 orc high priests
  2 death yaks
  2 deep troll shamans
  Urug (Orc:3)
  9 shock serpents
  20 naga sharpshooters
  2 deep troll earth magi
  19 deep elf knights
  6 fire crabs
  5 sea snakes (Snake:4)
  4 salamander mystics
  9 skeletal warriors
  4 flayed ghosts
  A golden dragon zombie (Vaults:4)
  A small abomination (Elf:1)
  A storm dragon skeleton (Vaults:3)
  2 unseen horrors
  9 naga ritualists
  3 shambling mangroves (Swamp:4)
  13 deep trolls
  7 swamp dragons
  14 deep elf summoners
  4 harpies (Vaults:2)
  7 necromancers
  2 wizards
  14 orc knights
  12 ironbrand convokers
  11 mana vipers
  3 manticores
  An orc sorcerer (Vaults:4)
  7 hill giants
  2 hornets
  15 deep elf conjurers
  5 wolf spiders
  The ghost of Acur the Slasher, a novice OpFi of Dithmenos (D:5)
  A fire giant zombie (Vaults:1)
  18 ugly things
  A tengu skeleton (Vaults:3)
  6 cyclopes
  3 griffons
  14 salamanders
  A water nymph (shapeshifter) (D:14)
  19 elephants
  2 stone giant skeletons
  7 vault sentinels
  3 frost giant skeletons
  19 spiny frogs
  7 human skeletons (Vaults:3)
  2 fire giant skeletons (Vaults:3)
  2 ice statues (IceCv)
  6 guardian serpents
  A torpor snail (shapeshifter) (D:15)
  4 molten gargoyles (Volcano)
  13 naga magi
  5 centaur skeletons
  2 torpor snails
  An octopode (shapeshifter) (Elf:2)
  30 black mambas
  A salamander skeleton (Vaults:3)
  A gargoyle (D:14)
  13 komodo dragons
  A spiny frog (shapeshifter) (D:14)
  58 yaktaurs
  2 kobold demonologists
  8 trolls
  2 fire drakes
  A wolf spider simulacrum (D:15)
  2 spriggan druids
  15 deep elf priests
  2 polar bears (shapeshifter)
  A shadow dragon simulacrum (Vaults:4)
  7 freezing wraiths
  7 giant leeches
  6 polar bears
  A jumping spider (shapeshifter) (Vaults:3)
  26 blink frogs
  16 two-headed ogres
  A trapdoor spider zombie (D:11)
  7 boulder beetles
  An ettin zombie (Vaults:1)
  3 bog bodies
  A frost giant simulacrum (Vaults:4)
  16 spriggans
  2 ettin skeletons
  10 redbacks
  63 yaks
  A trapdoor spider (D:15)
  A wyvern (D:11)
  A basilisk (shapeshifter) (Elf:1)
  6 fire elementals
  28 vampire mosquitoes
  6 wraiths
  A water elemental (D:11)
  3 hungry ghosts
  2 shadows
  4 basilisks
  A golden eye (shapeshifter) (Vaults:1)
  A hog (shapeshifter) (Vaults:3)
  34 deep elf magi
  16 hippogriffs
  A yaktaur simulacrum (Vaults:4)
  2 steam dragons
  25 deep elf fighters
  13 water moccasins
  22 insubstantial wisps
  2 large abominations (Elf:1)
  2 mottled dragons
  23 wolves
  9 wargs
  3 hell hounds (D:15)
  32 swamp worms
  50 nagas
  2 deep troll skeletons (Vaults:3)
  5 sky beasts
  4 phantoms
  19 ice beasts
  2 eyes of draining
  4 boggarts (D:15)
  12 swamp drakes
  43 orc warriors
  A tengu (shapeshifter) (Vaults:4)
  15 wasps
  7 black bears (Lair:8)
  44 ogres
  11 porcupines
  12 crocodiles
  2 necrophages
  2 big kobolds
  15 centaurs
  2 elf zombies (Elf:1)
  A water moccasin zombie (D:8)
  A wyvern zombie (D:11)
  24 giant frogs
  A glowing shapeshifter simulacrum (Vaults:2)
  A boulder beetle zombie (Vaults:1)
  4 scorpions
  4 wights (D:7)
  8 electric eels (D:11)
  5 crimson imps
  5 jellies
  32 orc wizards
  4 giant frog skeletons
  5 giant frog zombies
  8 centaur zombies
  34 orc priests
  7 hounds
  8 iguanas
  5 worker ants
  22 sheep
  A killer bee zombie (D:11)
  8 ogre zombies (D:9)
  2 hound zombies
  2 giant frog simulacra
  3 mummies (D:13)
  2 hound skeletons
  8 gnolls
  10 adders
  73 river rats
  3 shadow imps
  2 white imps
  2 ufetubi
  An ooze (D:2)
  A worm (D:3)
  2 adder skeletons
  5 giant geckos
  189 orcs
  10 giant cockroaches
  18 goblins
  10 hobgoblins
  21 jackals
  4 quokkas
  12 bats
  3 giant gecko skeletons
  A giant gecko zombie (D:7)
  4 giant newts
  3 goblin skeletons (D:9)
  2 goblin zombies (D:9)
  A hobgoblin zombie (D:9)
  18 kobolds
  3 orc skeletons (D:9)
  16 orc zombies (D:9)
  10 rats
  A briar patch (Swamp:3)
  A fire vortex (Vaults:3)
2076 creatures vanquished.

Vanquished Creatures (collateral kills)
  A black mamba (Snake:2)
1 creature vanquished.

Vanquished Creatures (others)
  An ettin (Vaults:5)
  Erolcha (D:9)
  An ogre mage (Vaults:2)
  A deep elf knight (Elf:1)
  A swamp dragon (Swamp:4)
  2 humans (Swamp:3)
  A wasp (Swamp:4)
  2 ogres (Vaults:2)
  A goblin (Orc:1)
  A briar patch (Swamp:3)
  A fire vortex (Volcano)
  5 fungi
  A plant (Lair:3)
19 creatures vanquished.

Grand Total: 2096 creatures vanquished

Notes
Turn   | Place    | Note
--------------------------------------------------------------
     0 | D:1      | Kloppie the Minotaur Monk began the quest for the Orb.
     0 | D:1      | Reached XP level 1. HP: 19/19 MP: 0/0
    86 | D:1      | Reached XP level 2. HP: 20/27 MP: 1/1
   489 | D:1      | Reached XP level 3. HP: 30/33 MP: 2/2
  1145 | D:3      | Reached skill level 5 in Unarmed Combat
  1147 | D:3      | Reached XP level 4. HP: 41/41 MP: 3/3
  1971 | D:3      | Reached XP level 5. HP: 47/47 MP: 4/4
  2292 | D:3      | Reached skill level 5 in Fighting
  2390 | D:4      | Noticed a necrophage
  2397 | D:4      | Killed a necrophage
  2411 | D:4      | Reached skill level 5 in Dodging
  2411 | D:4      | Reached XP level 6. HP: 54/56 MP: 5/5
  2420 | D:4      | Noticed an ogre
  2436 | D:4      | Killed an ogre
  2436 | D:4      | Reached skill level 6 in Unarmed Combat
  2903 | D:5      | Entered Level 5 of the Dungeon
  3197 | D:5      | Noticed Acur's ghost (novice OpFi)
  3219 | D:5      | Killed Acur's ghost
  3219 | D:5      | Reached skill level 7 in Fighting
  3219 | D:5      | Reached XP level 7. HP: 53/66 MP: 6/6
  3378 | D:5      | Found a white marble altar of Elyvilon.
  3378 | D:5      | Found a shimmering altar of Xom.
  3535 | D:5      | Reached XP level 8. HP: 73/73 MP: 7/7
  3770 | D:6      | Found a sacrificial altar of Ru.
  3873 | D:6      | Reached skill level 8 in Fighting
  4218 | D:6      | Found Unaeroyh's Assorted Antiques.
  4221 | D:6      | Bought a scroll labeled GIAZXO LYHEC for 25 gold pieces
  4221 | D:6      | Bought a scroll labeled YSUUMOSHROV for 25 gold pieces
  4221 | D:6      | Bought a scroll labeled PACZEE QITARCH for 25 gold pieces
  4221 | D:6      | Bought a scroll labeled REINWU QOAD for 25 gold pieces
  4221 | D:6      | Bought a silvery potion for 22 gold pieces
  4221 | D:6      | Bought a murky white potion for 22 gold pieces
  4221 | D:6      | Bought an amethyst potion for 22 gold pieces
  4221 | D:6      | Bought a viscous silvery potion for 22 gold pieces
  4842 | D:7      | Noticed a red ugly thing
  4867 | D:7      | Killed a red ugly thing
  4867 | D:7      | Reached skill level 9 in Fighting
  4867 | D:7      | Reached XP level 9. HP: 8/83 MP: 8/8
  5259 | D:7      | Found a stormy altar of Qazlal.
  5263 | D:7      | Found a shattered altar of Ashenzari.
  5263 | D:7      | Found a shadowy altar of Dithmenos.
  5263 | D:7      | Found an iron altar of Okawaru.
  5923 | D:7      | Found a staircase to the Ecumenical Temple.
  5932 | Temple   | Entered the Ecumenical Temple
  6126 | Temple   | Became a worshipper of Makhleb the Destroyer
  6126 | Temple   | Reached * piety under Makhleb
  6126 | Temple   | Reached ** piety under Makhleb
  6393 | D:8      | Reached skill level 10 in Fighting
  7489 | D:8      | Reached skill level 10 in Unarmed Combat
  7526 | D:8      | Reached *** piety under Makhleb
  7634 | D:8      | Reached XP level 10. HP: 89/94 MP: 9/9
  7985 | D:8      | Reached skill level 11 in Fighting
  8171 | D:9      | Found a sacrificial altar of Ru.
  8415 | D:9      | Reached skill level 10 in Dodging
  8419 | D:9      | Found a staircase to the Orcish Mines.
  8428 | D:9      | Reached **** piety under Makhleb
  8442 | D:9      | Reached skill level 1 in Armour
  8587 | D:9      | Noticed Erolcha
  8619 | D:9      | Killed Erolcha
  8845 | D:10     | Entered Level 10 of the Dungeon
  8895 | D:10     | Found a staircase to the Lair.
  9193 | D:10     | Reached skill level 5 in Armour
  9440 | Lair:1   | Entered Level 1 of the Lair of Beasts
  9506 | Lair:1   | Reached XP level 11. HP: 102/102 MP: 10/10
  9592 | Lair:1   | Reached ***** piety under Makhleb
 10168 | Lair:1   | Reached skill level 12 in Unarmed Combat
 10488 | Lair:2   | Noticed a seven-headed hydra
 10497 | Lair:2   | Killed a seven-headed hydra
 10949 | Lair:2   | Reached XP level 12. HP: 65/110 MP: 11/11
 10998 | Lair:2   | Reached skill level 13 in Unarmed Combat
 11212 | Lair:2   | Noticed a six-headed hydra
 11218 | Lair:2   | Killed a six-headed hydra
 11612 | Lair:2   | Reached skill level 10 in Armour
 11624 | Lair:2   | Reached ****** piety under Makhleb
 12136 | Lair:3   | Noticed a seven-headed hydra
 12148 | Lair:3   | Killed a seven-headed hydra
 12174 | Lair:3   | Found a staircase to the Swamp.
 13547 | Lair:5   | Found a dark tunnel.
 13576 | Volcano  | Entered a volcano
 13601 | Volcano  | Reached skill level 14 in Unarmed Combat
 14068 | Lair:5   | Reached XP level 13. HP: 109/116 MP: 12/12
 14461 | Lair:5   | Noticed a five-headed hydra
 14468 | Lair:5   | Killed a five-headed hydra
 14648 | Lair:5   | Noticed an eight-headed hydra
 14654 | Lair:5   | Killed an eight-headed hydra
 14781 | Lair:6   | Found a shattered altar of Ashenzari.
 14892 | Lair:6   | Found a staircase to the Snake Pit.
 15175 | Lair:6   | Found a runed door.
 15175 | Lair:6   | Found a viscous altar of Jiyva.
 15175 | Lair:6   | Found a staircase to the Slime Pits.
 15175 | Lair:6   | Noticed an azure jelly
 15175 | Lair:6   | Noticed an azure jelly
 15175 | Lair:6   | Noticed an azure jelly
 15208 | Lair:6   | Noticed Maud
 15220 | Lair:6   | Killed Maud
 15440 | Lair:6   | Reached skill level 15 in Unarmed Combat
 15719 | Lair:7   | Reached skill level 15 in Dodging
 17168 | Orc:1    | Entered Level 1 of the Orcish Mines
 17309 | Orc:1    | Found a frozen archway.
 17323 | IceCv    | Entered an ice cave
 17772 | IceCv    | Reached XP level 14. HP: 124/124 MP: 13/13
 18541 | Orc:1    | Found a bloodstained altar of Trog.
 19181 | Orc:3    | Noticed Josephine
 19189 | Orc:3    | Noticed Urug
 19191 | Orc:3    | Killed Josephine
 19214 | Orc:3    | Killed Urug
 19491 | Orc:3    | Found a staircase to the Elven Halls.
 19590 | Orc:3    | Noticed Nessos
 19609 | Orc:3    | Killed Nessos
 19944 | Orc:4    | Entered Level 4 of the Orcish Mines
 21778 | Orc:4    | Found Daoqaqaiw's General Store.
 21788 | Orc:4    | Bought the +2 mottled dragon armour of Cuiqasog {rElec MR+} for 904 gold pieces
 21977 | Orc:4    | Found Atuprot's Book Boutique.
 21980 | Orc:4    | Found Kam Tesh's Gadget Shop.
 21981 | Orc:4    | Found Keikumm's Jewellery Boutique.
 21982 | Orc:4    | Found Vynocigo's Antique Armour Boutique.
 21993 | Orc:4    | Bought a cursed ring of teleportation for 159 gold pieces
 21993 | Orc:4    | Bought the amulet of the Four Winds {Clar rN+ MR+++} for 466 gold pieces
 21993 | Orc:4    | Bought the amulet of Trog's Hatred {rMut rF++ rN+ Str-5 Int+2} for 686 gold pieces
 22363 | Lair:8   | Entered Level 8 of the Lair of Beasts
 22720 | Lair:8   | Reached skill level 16 in Unarmed Combat
 22760 | Lair:8   | Reached skill level 15 in Armour
 22838 | Lair:8   | Reached skill level 1 in Shields
 23130 | Lair:8   | Reached XP level 15. HP: 137/137 MP: 14/14
 23951 | D:11     | Found a shadowy altar of Dithmenos.
 24235 | D:11     | Got a faintly glowing scale mail
 24498 | D:11     | Identified the cursed +0 scale mail of Rytroriz {rF+ MR++ Stlth+} (You found it on level 11 of the Dungeon)
 25856 | D:13     | Noticed Snorg
 25882 | D:13     | Killed Snorg
 25882 | D:13     | Reached skill level 15 in Fighting
 26079 | D:13     | You fall through a shaft for 2 floors!
 26079 | D:15     | Entered Level 15 of the Dungeon
 26411 | D:15     | Noticed Azrael
 26456 | D:15     | Killed Azrael
 26860 | D:15     | Reached skill level 17 in Unarmed Combat
 27167 | D:15     | Found a staircase to the Depths.
 27372 | D:14     | Reached XP level 16. HP: 150/150 MP: 15/15
 27604 | D:14     | Found a stormy altar of Qazlal.
 28061 | D:14     | Found a gate to the Vaults.
 28952 | D:15     | Gained mutation: You are partially covered in slimy green scales (AC +2). [potion of beneficial mutation]
 29223 | Elf:1    | Entered Level 1 of the Elven Halls
 29560 | Elf:1    | Identified Kikubaaqudgha's Disquisition on Necromancy
 29852 | Elf:1    | Found Woaqauka's Food Shop.
 30515 | Elf:2    | Reached skill level 18 in Unarmed Combat
 30556 | Elf:2    | Noticed an Ice Fiend
 30609 | Elf:2    | Found a runed gate.
 30609 | Elf:2    | Found a runed gate.
 30622 | Elf:2    | Found a runed gate.
 30892 | Elf:2    | Found Bap Wycellej's Quality Used Wands.
 30898 | Elf:2    | Bought a wand of hasting (0) for 312 gold pieces
 32462 | Swamp:1  | Entered Level 1 of the Swamp
 32523 | Swamp:1  | Reached XP level 17. HP: 161/161 MP: 16/16
 32565 | Swamp:1  | Noticed Nikola
 32617 | Swamp:1  | Killed Nikola
 34224 | Swamp:3  | Noticed Kirke
 34235 | Swamp:3  | Killed Kirke
 34732 | Swamp:3  | Reached skill level 19 in Unarmed Combat
 34943 | Swamp:4  | Entered Level 4 of the Swamp
 35824 | Swamp:4  | Noticed a tentacled monstrosity
 35837 | Swamp:4  | Killed a tentacled monstrosity
 35960 | Swamp:4  | Got a decaying rune of Zot
 36385 | Vaults:1 | Entered Level 1 of the Vaults
 36440 | Vaults:1 | Reached XP level 18. HP: 130/173 MP: 17/17
 36792 | Vaults:1 | Noticed a Brimstone Fiend
 37339 | Vaults:1 | Found Nuryqec's Antique Armour Boutique.
 37345 | Vaults:1 | Bought a warped ring mail for 288 gold pieces
 37345 | Vaults:1 | Identified the +0 ring mail "Otoash" {rF+ rC- Int+2 Dex+6} (You bought it in a shop on level 1 of the Vaults)
 37457 | Vaults:1 | Found a sacrificial altar of Ru.
 38019 | Vaults:1 | Bought an ancient plate armour for 896 gold pieces
 38019 | Vaults:1 | Identified the cursed +1 plate armour of the Burgomaster {rF+ Str-4 Dex+3 SInv} (You bought it in a shop on level 1 of the Vaults)
 38710 | Vaults:2 | Reached skill level 20 in Unarmed Combat
 40146 | Vaults:2 | Gained mutation: Your body sometimes deteriorates upon taking damage. [a cacodemon]
 40167 | Vaults:2 | Reached XP level 19. HP: 162/185 MP: 18/18
 41251 | Vaults:3 | Found Wagyci's Distillery.
 41920 | Vaults:3 | Found Ecry's Armour Boutique.
 41948 | Vaults:3 | Bought a +2 cloak of magic resistance for 258 gold pieces
 42549 | Vaults:3 | Found Lurof's Antique Weapon Emporium.
 42850 | Vaults:3 | Found Aliekhemu's General Store.
 42878 | Vaults:3 | Found Muox's Gadget Shop.
 43309 | Vaults:3 | Found a staircase to the Crypt.
 43959 | Vaults:4 | Reached XP level 20. HP: 163/193 MP: 19/19
 44530 | Vaults:4 | Found a flickering gateway to a bazaar.
 45309 | Snake:1  | Entered Level 1 of the Snake Pit
 45367 | Snake:1  | Reached skill level 1 in Invocations
 46547 | Snake:2  | Reached skill level 5 in Invocations
 46668 | Snake:2  | Noticed Vashnia
 47004 | Snake:2  | Got a twisted robe
 47342 | Snake:2  | Killed Vashnia
 47804 | Snake:3  | Reached skill level 1 in Evocations
 47815 | Snake:3  | Learned a level 2 spell: Song of Slaying
 47819 | Snake:3  | Learned a level 3 spell: Regeneration
 47857 | Snake:3  | Got a faintly humming cloak
 47858 | Snake:3  | Identified the +2 cloak of Imperfection {Regen+ rCorr Int+5 Dex-2} (You found it on level 3 of the Snake Pit)
 47859 | Snake:3  | Identified the +0 robe of Faolleam {rElec rN+ Dex-5} (You found it on level 2 of the Snake Pit)
 48013 | Snake:3  | Reached skill level 1 in Charms
 48103 | Snake:4  | Entered Level 4 of the Snake Pit
 48217 | Snake:4  | Noticed Mara
 48257 | Snake:4  | Killed Mara
 49045 | Snake:4  | Noticed Asterion
 49064 | Snake:4  | Killed Asterion
 49064 | Snake:4  | Reached XP level 21. HP: 194/201 MP: 27/27
 49738 | Snake:4  | Reached skill level 5 in Evocations
 50318 | Snake:4  | Got a serpentine rune of Zot
 51047 | Elf:2    | Reached skill level 5 in Charms
 51478 | Elf:3    | Entered Level 3 of the Elven Halls
 51969 | Elf:3    | Reached skill level 1 in Necromancy
 52904 | Elf:3    | Got a slimy wooden ring
 52905 | Elf:3    | Identified the ring "Sobyrcheu" {-Tele +Fly rPois rF++} (You took it off a deep elf sorcerer on level 3 of the Elven Halls)
 53501 | Elf:3    | Got a twitching steel amulet
 53507 | Elf:3    | Identified the amulet "Angaik" {Inacc Dex+4} (You found it on level 3 of the Elven Halls)
 53509 | Elf:3    | Got a scintillating steel ring
 53510 | Elf:3    | Identified the ring "Gyiptyl" {rC+ MP+9 Dex+2 Stlth+} (You found it on level 3 of the Elven Halls)
 54174 | Vaults:5 | Entered Level 5 of the Vaults
 54514 | Vaults:4 | Reached XP level 22. HP: 211/211 MP: 28/28
 54678 | Vaults:4 | Reached skill level 5 in Necromancy
 54832 | Vaults:5 | Noticed an ancient lich
 54907 | Vaults:4 | Reached skill level 21 in Fighting
 54915 | Vaults:4 | Killed an ancient lich
 54949 | Vaults:5 | HP: 8/213 [vault warden/battleaxe (12)]
 54950 | Vaults:5 | Mangled by an ettin

Action                   |  1- 3 |  4- 6 |  7- 9 | 10-12 | 13-15 | 16-18 | 19-21 | 22-24 || total
-------------------------+-------+-------+-------+-------+-------+-------+-------+-------++-------
Melee: Unarmed           |    72 |   162 |   299 |   842 |  2259 |  2274 |  2580 |   156 ||  8644
Throw: Javelin           |       |       |       |       |     7 |       |       |       ||     7
 Cast: Song of Slaying   |       |       |       |       |       |       |     5 |     2 ||     7
       Regeneration      |       |       |       |       |       |       |     1 |       ||     1
Invok: Lesser Servant of |       |       |       |       |       |       |     3 |       ||     3
  Use: Potion            |       |     1 |     3 |     2 |     4 |    10 |     5 |       ||    25
       Scroll            |       |       |    20 |     4 |     7 |    15 |    12 |     1 ||    59
 Stab: Sleeping          |       |       |       |       |     6 |     5 |     6 |       ||    17
       Distracted        |       |       |       |       |       |     1 |     3 |       ||     4
       Confused          |       |       |       |       |       |     1 |       |       ||     1
  Eat: Chunk             |     1 |     6 |    12 |    16 |    46 |    28 |    38 |     2 ||   149
       Beef jerky        |       |       |     3 |     1 |     2 |       |     3 |       ||     9
       Fruit             |       |       |       |     4 |       |     3 |       |       ||     7
       Pizza             |       |       |       |       |     1 |     1 |     2 |       ||     4
       Bread ration      |       |       |       |       |     1 |     3 |     1 |       ||     5
       Meat ration       |       |       |       |       |       |       |     1 |       ||     1
